 Dungeon Sprint DCSS version 0.16-a0-3855-gd2600ac (webtiles) character file.

48 BluebellGnoll the Jinx (level 7, 30/32 HPs)
             Began as a Spriggan Enchanter on Jan 31, 2015.
             Was an Initiate of Elyvilon.
             Quit the game in the Dungeon (Sprint VI: "Thunderdome").
             The game lasted 00:11:59 (377 turns).

BluebellGnoll the Jinx (Spriggan Enchanter)          Turns: 377, Time: 00:12:00

Health: 30/32      AC:  3    Str:  4    XL:     7   Next: 59%
Magic:  18/42      EV: 23    Int: 29    God:    Elyvilon [......]
Gold:   76         SH:  0    Dex: 16    Spells: 6 memorised, 3 levels left

rFire  . . .     SeeInvis +     a - +1 dagger
rCold  + + .     Clarity  .     b - +1 robe
rNeg   . . .     SustAb   .     (shield restricted)
rPois  .         Gourm    +     (helmet restricted)
rElec  .         Spirit   .     (no cloak)
rCorr  .         Warding  .     (gloves unavailable)
rMut   .         NoTele   +     (boots unavailable)
MR     +....                    s - amulet of Winter {Gourm rC+ MP+9}
Stlth  +++.......               q - ring "Naikuin" {+Fly Int+7}
                                o - ring "Popsiku" {-Tele rC+ MP+9 Int+3}

@: very quick, somewhat resistant to hostile enchantments, fairly stealthy
A: unfitting armour, see invisible, herbivore 3, speed 3, slow metabolism 2
a: Lesser Healing, Renounce Religion, Evoke Flight


You were in the Dungeon.
You worshipped Elyvilon.
Elyvilon was noncommittal.
You were not hungry.

You visited 1 branch You collected 280 gold pieces.
You spent 204 gold pieces at shops.

Inventory:

Hand weapons
 a - a +1 dagger (weapon)
 v - a +1 whip of freezing
Armour
 b - a +1 robe (worn)
 r - a +1 robe
 u - a +2 robe of cold resistance
Jewellery
 o - the ring "Popsiku" (left hand) {-Tele rC+ MP+9 Int+3}
   (You bought it in a shop in the Dungeon)

   [ring of magical power]

   It affects your intelligence (+3).
   It protects you from cold.
   It affects your magic capacity (+9).
   It prevents most forms of teleportation.
 p - the amulet of Trog's Reproof {Inacc rN+}
   (You bought it in a shop in the Dungeon)

   [amulet of inaccuracy]

   It reduces the accuracy of all your attacks.
   It protects you from negative energy.
 q - the ring "Naikuin" (right hand) {+Fly Int+7}
   (You bought it in a shop in the Dungeon)

   [ring of flight]

   It affects your intelligence (+7).
   It lets you fly.
 s - the amulet of Winter (around neck) {Gourm rC+ MP+9}
   (You bought it in a shop in the Dungeon)

   [amulet of the gourmand]

   It allows you to eat raw meat even when not hungry.
   It protects you from cold.
   It affects your magic capacity (+9).
Magical devices
 e - a wand of confusion (21)
 k - a wand of cold (1)
 l - a wand of fire (3)
Scrolls
 j - 4 scrolls of blinking
 m - 3 scrolls of fog
Potions
 f - 5 potions of heal wounds
 g - 4 potions of haste
 h - 3 potions of magic
 i - a potion of berserk rage
 n - a potion of resistance
Books
 c - a book of Maledictions

   Spells                             Type                      Level
   a - Corona                         Hexes                        1
   b - Sure Blade                     Hexes/Charms                 2
   c - Ensorcelled Hibernation        Hexes/Ice                    2
   d - Confuse                        Hexes                        3
   e - Dazzling Spray                 Conjuration/Hexes            3
   f - Enslavement                    Hexes                        4
Comestibles
 d - a bread ration
 t - 3 royal jellies


   Skills:
 - Level 7.5 Short Blades
 + Level 7.9 Dodging
 - Level 4.4 Stealth
 - Level 6.4 Spellcasting
 - Level 2.1 Conjurations
 - Level 12.4 Hexes
 - Level 8.4 Invocations


You had 3 spell levels left.
You knew the following spells:

 Your Spells              Type           Power        Failure   Level  Hunger
a - Corona                Hex            ######.      1%          1    None
b - Ensorcelled Hibernat  Hex/Ice        #####.       1%          2    None
c - Confuse               Hex            ######..     1%          3    None
d - Sure Blade            Hex/Chrm       #####.....   1%          2    None
e - Dazzling Spray        Conj/Hex       ######..     1%          3    None
f - Enslavement           Hex            ######..     1%          4    ###....


Dungeon Overview and Level Annotations

Branches:
Dungeon (1/1)

Altars:
Cheibriados
Dithmenos
Elyvilon
Fedhas
Gozag
Kikubaaqudgha
Makhleb
Nemelex Xobeh
Okawaru
Qazlal
Ru
Sif Muna
Trog
Vehumet
Xom
Yredelemnul
Zin
The Shining One
Jiyva
Lugonu

Shops:
D *[%??*?*:[((!!!!


Innate Abilities, Weirdness & Mutations

You are tiny and cannot use many weapons and most armour.
You have supernaturally acute eyesight.
You are a herbivore.
You cover ground extremely quickly.
You need consume almost no food.


Message History

Zapping:
k - a wand of cold (3)
Press: ? - help, Shift-Dir - straight line, f/p - fire elemental
Aim: a fire elemental (heavily damaged)
The bolt of cold misses the fire elemental.
You hear a sizzling sound!
This wand has 2 charges left.
Evoke which item? (* to show all) (? for menu, Esc to quit)
Zapping:
k - a wand of cold (2)
Press: ? - help, Shift-Dir - straight line, f/p - fire elemental
Aim: a fire elemental (heavily damaged)
The bolt of cold hits the fire elemental.
The fire elemental is frozen!
You destroy the fire elemental!
Your Dodging skill gained 4 levels and is now at level 7!
You hear a sizzling sound!
This wand has 1 charge left.
Things that are here:
a scale mail; a mace; the human corpse of Terence A fire elemental comes into view.
Are you sure you want to abandon this character and quit the game? (Confirm with "yes".)

##∩.....∩## #∩.......∩#
#_......._# #_......._#
#_....%.._# ###.........###
#⌠...........⌠#
######.8[........8.#####
##∩.._..@...###......___∩
###∩.......%8.# #.8........
##.............###..........
#⌠......)...###...###.......
#⌠..........# #.<.# #.......
#⌠...)......###...###.......
##..........E..###.%........
###∩.......§8.# #.8........
##∩._.......###......___∩


You could see a fire elemental (wandering).

Vanquished Creatures
  Pikel (D)
  A fire elemental (D)
  Sigmund (D)
  A big kobold (D)
  A worker ant (D)
  Ijyb (D)
  Jessica (D)
  Terence (D)
  A goblin (D)
  A hobgoblin (D)
  A kobold (D)
11 creatures vanquished.

Notes
Turn   | Place    | Note
--------------------------------------------------------------
     0 | D        | BluebellGnoll, the Spriggan Enchanter, began the quest for the Orb.
     0 | D        | Reached XP level 1. HP: 9/9 MP: 4/4
     1 | D        | Found a white marble altar of Elyvilon.
     1 | D        | Found a sacrificial altar of Ru.
     2 | D        | Found a blossoming altar of Fedhas.
     2 | D        | Found a sparkling altar of Nemelex Xobeh.
     3 | D        | Found an opulent altar of Gozag.
     3 | D        | Found a burning altar of Makhleb.
     4 | D        | Found Qaana's Bottled Wisdom.
     4 | D        | Found Berghag's Do-It-Yourself Clinic.
     4 | D        | Found a corrupted altar of Lugonu.
     4 | D        | Found Avatavor's Weapon Rack.
     5 | D        | Found a shadowy altar of Dithmenos.
     8 | D        | Found Clatt's Distillery.
     9 | D        | Became a worshipper of Elyvilon the Healer
     9 | D        | Round 1.
    13 | D        | Found Smahicosh's Basic Armour.
    14 | D        | Found a glowing golden altar of the Shining One.
    14 | D        | Found an ancient bone altar of Kikubaaqudgha.
    14 | D        | Found an iron altar of Okawaru.
    15 | D        | Found Skentaf's Premium Goods.
    15 | D        | Found Kevvanlilu's Miscellaneous Merchandise.
    19 | D        | Found a snail-covered altar of Cheibriados.
    20 | D        | Found Groagg's Identification Station.
    21 | D        | Found Suklud's Advanced Armour.
    22 | D        | Found a basalt altar of Yredelemnul.
    23 | D        | Found Rigaifitz's Jewellery.
    23 | D        | Found Guxydaes' Bee Food.
    30 | D        | Bought a transparent turquoise ring for 45 gold pieces
    30 | D        | Bought a glittering bronze amulet for 45 gold pieces
    30 | D        | Bought a brightly glowing steel ring for 45 gold pieces
    30 | D        | Identified the amulet of Trog's Reproof {Inacc rN+} (You bought it in a shop in the Dungeon)
    32 | D        | Identified the ring "Popsiku" {-Tele rC+ MP+9 Int+3} (You bought it in a shop in the Dungeon)
    33 | D        | Identified the ring "Naikuin" {+Fly Int+7} (You bought it in a shop in the Dungeon)
    37 | D        | Found a stormy altar of Qazlal.
    39 | D        | Found a deep blue altar of Sif Muna.
    39 | D        | Found a glowing silver altar of Zin.
    40 | D        | Found Jiklim's Magic Scroll Shop.
    41 | D        | Noticed Jessica
    41 | D        | Killed Jessica
    41 | D        | Reached skill level 5 in Spellcasting
    41 | D        | Reached XP level 2. HP: 13/13 MP: 4/11
    45 | D        | Learned a level 2 spell: Ensorcelled Hibernation
    45 | D        | Found Itiesisi's Magic Scroll Shop.
    46 | D        | Found a radiant altar of Vehumet.
    46 | D        | Found a bloodstained altar of Trog.
    47 | D        | Found a viscous altar of Jiyva.
    47 | D        | Found Suagaal's Staff Store.
    47 | D        | Found Yzeoz's Must-Have Magic.
    53 | D        | Found a shimmering altar of Xom.
    54 | D        | Found Evekuov's Distillery.
    71 | D        | Noticed Sigmund
    79 | D        | Killed Sigmund
    79 | D        | Reached skill level 7 in Short Blades
    79 | D        | Reached XP level 3. HP: 16/16 MP: 8/14
    79 | D        | Reached XP level 4. HP: 21/21 MP: 9/17
    84 | D        | Learned a level 3 spell: Confuse
    87 | D        | Learned a level 2 spell: Sure Blade
    91 | D        | Learned a level 3 spell: Dazzling Spray
   103 | D        | Reached skill level 1 in Conjurations
   147 | D        | Bought a coiled tin amulet for 45 gold pieces
   147 | D        | Identified the amulet of Winter {Gourm rC+ MP+9} (You bought it in a shop in the Dungeon)
   157 | D        | Noticed Terence
   182 | D        | Killed Terence
   182 | D        | Arena points: 12 (+12) [x2]
   191 | D        | Learned a level 4 spell: Enslavement
   208 | D        | Bought 3 royal jellies for 24 gold pieces
   251 | D        | Round 2.
   253 | D        | Noticed Ijyb
   264 | D        | Killed Ijyb
   264 | D        | Reached XP level 5. HP: 22/24 MP: 16/20
   276 | D        | Noticed a big kobold
   289 | D        | Killed a big kobold
   307 | D        | Reached skill level 5 in Invocations
   314 | D        | Noticed Pikel
   328 | D        | Killed Pikel
   328 | D        | Reached skill level 12 in Hexes
   328 | D        | Reached XP level 6. HP: 24/28 MP: 12/22
   328 | D        | Reached XP level 7. HP: 27/32 MP: 12/24
   339 | D        | Arena points: 48 (+36) [x3]
   363 | D        | Round 3.
   367 | D        | Noticed a fire elemental
   372 | D        | Killed a fire elemental
   376 | D        | Noticed a fire elemental
   377 | D        | Quit the game

Action                   |  1- 3 |  4- 6 |  7- 9 || total
-------------------------+-------+-------+-------++-------
Melee: Dagger            |     1 |    33 |       ||    34
 Cast: Ensorcelled Hiber |     1 |     8 |       ||     9
       Confuse           |       |     5 |     1 ||     6
       Corona            |       |     2 |       ||     2
       Sure Blade        |       |     1 |       ||     1
Evoke: Wand              |     1 |     1 |     4 ||     6
  Use: Potion            |       |     1 |       ||     1
 Stab: Sleeping          |     1 |     1 |       ||     2
       Confused          |       |     7 |       ||     7
